 Dungeon Crawl Stone Soup version 0.28.0-45-g0d030f2227 (webtiles) character file.

Game seed: 12185368604812933305

212 101zpm the Shield-Bearer (level 5, 0/33 HPs)
             Began as a Gargoyle Fighter on Apr 8, 2022.
             Slain by a jelly (2 damage)
             ... on level 4 of the Dungeon.
             The game lasted 00:07:40 (5070 turns).

101zpm the Shield-Bearer (Gargoyle Fighter)         Turns: 5070, Time: 00:07:40

Health: 0/33       AC: 19    Str: 22    XL:     5   Next: 90%
Magic:  5/5        EV:  9    Int:  8    God:
Gold:   120        SH:  4    Dex:  9    Spells: 4/4 levels left

rFire   . . .      SeeInvis .   k - +1 dagger (protect)
rCold   . . .      Faith    .   c - +0 buckler
rNeg    + . .      Spirit   .   b - +0 scale mail
rPois   ∞          Reflect  .   x - +0 helmet
rElec   +          Harm     .   (no cloak)
rCorr   .          Rampage  .   (no gloves)
Will    .....                   (no boots)
Stlth   ..........              (no amulet)
HPRegen 0.11/turn               (no ring)
MPRegen 0.09/turn               (no ring)

@: under a protective aura
A: sickness immunity, AC +4, negative energy resistance 1, electricity
resistance, torment resistance 1, petrification resistance
a: no special abilities


You were on level 4 of the Dungeon.
You visited 1 branch of the dungeon, and saw 5 of its levels.

You collected 120 gold pieces.

Inventory:

Hand Weapons
 a - a +0 flail
 k - a +1 dagger of protection (weapon)
Missiles
 e - 3 poisoned darts (quivered)
 n - 74 stones
 o - 22 bolts
 r - 24 sling bullets
Armour
 b - a +0 scale mail (worn)
 c - a +0 buckler (worn)
 x - a +0 helmet (worn)
Magical Staves
 p - a staff of earth
Jewellery
 l - a ring of fire
Wands
 m - a wand of flame (10)
 u - a wand of iceblast (3)
Scrolls
 g - 2 scrolls of fear {unknown}
 h - a scroll of enchant armour {unknown}
 v - 3 scrolls of teleportation {unknown}
 w - 2 scrolls of vulnerability {unknown}
 y - a scroll of acquirement {unknown}
Potions
 d - a potion of might
 f - a potion of flight {unknown}
 i - a potion of invisibility {unknown}
 j - 2 potions of curing {unknown}
 q - a potion of haste {unknown}
 s - a potion of mutation {unknown}
 t - a potion of ambrosia {unknown}


   Skills:
 + Level 3.7 Fighting
 + Level 1.0 Short Blades
 + Level 3.1 Maces & Flails
 + Level 4.3 Armour
 + Level 1.5 Dodging
 + Level 4.4 Shields


You had 4 spell levels left.
You didn't know any spells.
Your spell library was empty.

Dungeon Overview and Level Annotations

Branches:
Dungeon (5/15)
 Temple: D:4-7

Altars:
Elyvilon
Gozag
Wu Jian

Shops:
D:1 !   D:3 !


Innate Abilities, Weirdness & Mutations

You are immune to sickness and miasma.
Your stone body is resilient. (AC +4)
You are immune to poison.
You resist negative energy. (rN+)
You are resistant to electric shocks. (rElec)
You are resistant to unholy torment.
You are immune to petrification.


Message History

The jelly is moderately wounded.
The jelly hits you but does no damage.
You hit the jelly.
Your hands burn!
The jelly is heavily wounded.
The jelly barely misses you.
You hit the jelly.
Your hands burn!
* * * LOW HITPOINT WARNING * * *
The jelly is heavily wounded.
The jelly hits you but does no damage.
You hit the jelly. The acid corrodes you!
Your hands burn!
* * * LOW HITPOINT WARNING * * *
The jelly is severely wounded.
The jelly completely misses you. You block the jelly's attack.
There is an open door here.
The jelly hits you but does no damage.
You are no longer corroded.
There is an open door here.
There is a stone staircase leading down here.
You climb downwards.
The orc shouts!
The jelly quivers.
Found a scroll labelled ESAIKL ZUCIST, 17 gold pieces and a dagger.
There is a stone staircase leading up here.
You climb upwards.
The jelly barely misses you. The jelly hits you but does no damage.
There is a stone staircase leading down here.
There is an open door here.
You hit the jelly.
Your weapon exudes an aura of protection.
Your hands burn!
* * * LOW HITPOINT WARNING * * *
The jelly is severely wounded.
The jelly closely misses you.
You hit the jelly.
Your hands burn!
* * * LOW HITPOINT WARNING * * *
The jelly is almost dead.
The jelly jiggles.
The jelly hits you.
You die...

........#......#.....#....#
..).....#......#.....#....+
........+......#.....#....#...
........#......#.....#.........
#.###...#......##+##..#....####
#.###...#...........######.#
........'...........# ##
........#...........# ##
####..###.......@...##### #####.
#..#.....#####J##....# #.....
#..'.....#...#>.#....# #..... ≈
#..#.....#...#..#....# #..... ≈.
#.<#.....#...#..+....# #.....
≈.≈####.....#..###'#....####.....
...≈....##+##..##..#####........#
≈.≈≈....#..........#.....#......#
.≈.≈....#..........#.....#......#


You could see a jelly.

Vanquished Creatures
  A jelly (D:2)
  An iguana (D:4)
  An orc wizard (D:3)
  A gnoll (D:3)
  4 adders
  An ufetubus (D:4)
  A dart slug (D:3)
  2 orcs (D:2)
  15 endoplasms
  2 giant cockroaches (D:3)
  5 goblins
  6 hobgoblins
  4 jackals (D:3)
  A quokka (D:4)
  4 ball pythons
  4 bats
  2 frilled lizards
  14 kobolds
  7 rats
76 creatures vanquished.

Vanquished Creatures (others)
  4 fungi (D:2)
  8 toadstools (D:2)
12 creatures vanquished.

Grand Total: 88 creatures vanquished

Notes
Turn   | Place    | Note
-------+----------+-------------------------------------------
     0 | D:1      | 101zpm the Gargoyle Fighter began the quest for the Orb.
     0 | D:1      | Reached XP level 1. HP: 14/14 MP: 1/1
    60 | D:1      | Found a faded altar of an unknown god.
   550 | D:1      | Reached XP level 2. HP: 19/19 MP: 2/2
  1153 | D:1      | Found Byr Ziry's Distillery.
  1505 | D:2      | Reached XP level 3. HP: 23/23 MP: 3/3
  2244 | D:2      | Reached XP level 4. HP: 28/28 MP: 4/4
  2437 | D:3      | Found Upowue Uley's Distillery.
  2530 | D:3      | Found a white marble altar of Elyvilon.
  2678 | D:3      | Found an ornate altar of the Wu Jian Council.
  2679 | D:3      | Found an opulent altar of Gozag.
  2854 | D:3      | Reached XP level 5. HP: 32/33 MP: 5/5
  3636 | D:2      | Reached skill level 1 in Dodging
  4389 | D:4      | Noticed a black bear
  4805 | D:4      | Reached skill level 1 in Short Blades
  5064 | D:5      | Entered Level 5 of the Dungeon
  5070 | D:4      | Slain by a jelly

Illustrated notes

Levels and vault maps discovered:
D:1:      arrival_zaba_pyramid, layout_basic, serial_shops,
          nicolae_shop_statue_plus, ebering_ecumenical_altar_abandoned
D:2:      cheibrodos_fertilizer, layout_loops_corners
D:3:      layout_loops_ring, mainiacjoe_overflow_small_starburst,
          gammafunk_temple_overflow_pools, serial_shops, shop,
          minmay_close_crescents
D:4:      layout_gridville, nicolae_uskayaw_suspiria, chequers_garden
D:5:      layout_cave_pods, kennysheep_mini_moat, lightli_temple_of_fire,
          fedhas_bush_and_centaur_altar, minmay_temple_entry_metal_lava,
          uniq_edmund

Skill      XL: |  1  2  3  4  5 |
---------------+----------------+-----
Shields        | 4 |  4.4
Armour         | 4 |  4.3
Maces & Flails | 3 |  3.1
Dodging        | 1 |  1.5
Short Blades   | 1 |  1.0
Fighting       | |  3.7

Action                   |  1- 3 |  4- 6 || total
-------------------------+-------+-------++-------
Melee: Flail             |   124 |    37 ||   161
       Dagger            |       |   183 ||   183
Armor: Scale mail        |    58 |   134 ||   192
Dodge: Dodged            |    55 |    86 ||   141
Block: Buckler           |    41 |    42 ||    83
